 Dungeon Crawl Stone Soup version 0.31.0-12-g77e489cdc1 (webtiles) character file.

Game seed: 4056954487135243102

4148 Doomgape the Fighter (level 10, -1/61 HPs)
             Began as a Gargoyle Fighter on Feb 28, 2024.
             Was a Follower of Hepliaklqana.
             Killed from afar by an orc wizard (4 damage)
             ... with a puff of flame
             ... on level 9 of the Dungeon.
             The game lasted 00:26:15 (8283 turns).

Doomgape the Fighter (Gargoyle Fighter)             Turns: 8283, Time: 00:26:15

Health: -1/61      AC: 21    Str: 30    XL:     10   Next: 27%
Magic:  10/10      EV: 12    Int:  9    God:    Hepliaklqana [*.....]
Gold:   1215       SH:  4    Dex:  9    Spells: 9/9 levels left

rFire   . . .        a - +0 flail
rCold   . . .        c - +0 buckler
rNeg    + . .        u - +0 plate armour
rPois   ∞            (no helmet)
rElec   +            (no cloak)
rCorr   .            (no gloves)
SInv    .            (no boots)
Will    .....        (no amulet) Stlth
                     g - +5 ring of evasion
HPRegen 0.30/turn    o - +6 ring of strength
MPRegen 0.12/turn

%: no passive effects
@: no status effects
A: reduced essence, sickness immunity, AC +7, negative energy resistance 1,
electricity resistance, torment resistance 1, petrification resistance
a: Renounce Religion, Recall Ancestor, Ancestor Identity


You were on level 9 of the Dungeon.
You worshipped Hepliaklqana.
Hepliaklqana was aware of your devotion.
You visited 2 branches of the dungeon, and saw 10 of its levels.

You collected 1215 gold pieces.

Inventory:

Hand Weapons
 a - a +0 flail (weapon)
Armour
 c - a +0 buckler (worn)
 u - a +0 plate armour (worn)
Jewellery
 g - a +5 ring of evasion (left hand)
 o - a +6 ring of strength (right hand)
 w - a ring of protection from cold
Wands
 s - a wand of roots (4)
Scrolls
 b - a scroll of fear
 e - 2 scrolls of identify
 f - 4 scrolls of vulnerability
 j - 2 scrolls of immolation
 m - 2 scrolls of amnesia
 n - a scroll of teleportation
 p - 2 scrolls of noise
 r - a scroll of fog
Potions
 d - a potion of might
 i - a potion of degeneration {unknown}
 k - a potion of ambrosia {unknown}
 l - a potion of invisibility {unknown}
 q - a potion of cancellation


   Skills:
 + Level 9.8 Fighting
 + Level 8.6 Maces & Flails
 + Level 9.7 Armour
 - Level 4.1 Shields


You had 9 spell levels left.
You didn't know any spells.
Your spell library contained the following spells:

 Spells                   Type           Power      Damage    Failure   Level
 Apportation              Tloc           0%         N/A       98%         1
 Jinxbite                 Hex            0%         N/A       99%         2
 Hailstorm                Conj/Ice       0%         3d5       100%        3
 Summon Ice Beast         Ice/Summ       0%         N/A       100%        3
 Tukima's Dance           Hex            0%         N/A       100%        3
 Passage of Golubria      Tloc           0%         N/A       100%        4
 Summon Blazeheart Golem  Fire/Summ      0%         N/A       100%        4
 Alistair's Intoxication  Alch           0%         N/A       100%        5
 Yara's Violent Unravell  Hex/Alch       0%         3d3       100%        5
 Sculpt Simulacrum        Ice/Alch       0%         N/A       100%        6
 Orb of Destruction       Conj           0%         9d5       100%        7
 Spellforged Servitor     Conj/Summ      0%         N/A       100%        7


Dungeon Overview and Level Annotations

Branches:
Dungeon (9/15)             Temple (1/1) D:7
   Lair: D:8-11         Orc: D:9-12

Altars:
Ashenzari
Elyvilon
Hepliaklqana
Makhleb
Nemelex Xobeh
Ru
Trog
Uskayaw
Vehumet
Wu Jian
Xom
Yredelemnul
Zin
The Shining One

Shops:
D:3 =   D:5 *


Innate Abilities, Weirdness & Mutations

Your life essence is reduced to manifest your ancestor. (-10% HP)
You are immune to sickness and miasma.
Your stone body is resilient. (AC +7)
You are immune to poison.
You resist negative energy. (rN+)
You are resistant to electric shocks. (rElec)
You are resistant to unholy torment.
You are immune to petrification.


Message History

The orc priest is severely wounded.
The orc priest hits you but does no damage. x2
Something hits you but does no damage. You block the orc warrior's attack.
Agathoclea hits the orc warrior.
Unknown command.
Unknown command.
You closely miss the orc priest.
The orc priest is severely wounded.
The orc priest closely misses you. The orc warrior misses you.
The orc priest invokes the aid of Beogh against you.
You struggle to resist.
Something completely misses you.
Agathoclea hits the orc warrior.
Unknown command.
You feel better.
The orc priest hits you but does no damage.
The orc priest invokes the aid of Beogh against you.
Beogh smites you!
* * * LOW HITPOINT WARNING * * *
Something hits you.
* * * LOW HITPOINT WARNING * * *
Something burns you.
* * * LOW HITPOINT WARNING * * *
The orc warrior completely misses you.
Agathoclea hits the orc warrior.
Unknown command.
You hit the orc priest.
You kill the orc priest!
The orc warrior completely misses you. You block the orc priest's attack.
Something hits you but does no damage.
Agathoclea misses the orc warrior.
Unknown command.
You sock the orc priest!
You kill the orc priest!
The orc warrior hits you but does no damage.
Something hits you but does no damage.
Agathoclea closely misses the orc warrior.
Unknown command.
The orc warrior closely misses you.
You hear some strange, mumbled words.
A puff of flame appears from out of thin air!
The puff of flame hits you.
You die...

....... #.........#
....... #.........#
....... #.........#
....... #.........#
....... #.........#
.......##+##.........#
......){o............#
......).@R......[....#
.......)....)..).....#
.....................#
.................<...#
........?.....<......#
..#################......
. ...... ..... .....


You could see the friendly Agathoclea the ancestor and an orc warrior (ally
target).

Vanquished Creatures
  A manticore (D:8)
  5 yaks (D:7)
  A wyvern (D:8)
  Eustachio (D:6)
  An acid dragon (D:8)
  A water moccasin (D:7)
  A sky beast (D:6)
  An ice beast (D:7)
  2 orc warriors
  2 centaurs
  An ogre (D:3)
  2 phantoms
  2 kobold brigands
  2 bullfrogs
  4 wights (D:8)
  3 killer bees (D:7)
  3 electric eels (D:7)
  7 hounds
  2 jellies
  6 orc priests
  A gnoll bouda (D:7)
  3 sleepcaps
  2 iguanas
  3 orc wizards
  Robin (D:3)
  4 adders
  5 gnolls (D:7)
  A white imp (D:7)
  2 dart slugs
  2 ribbon worms
  25 orcs
  7 ball pythons
  8 endoplasms
  3 giant cockroaches
  16 goblins
  8 hobgoblins
  3 jackals (D:2)
  2 quokkas (D:2)
  9 bats
  3 frilled lizards
  18 kobolds
  9 rats
183 creatures vanquished.

Vanquished Creatures (collateral kills)
  A bullfrog (D:8)
  A wight (D:8)
  A jelly (D:8)
  An orc wizard (D:8)
  An orc (D:9)
5 creatures vanquished.

Grand Total: 188 creatures vanquished

Notes
Turn   | Place    | Note
-------+----------+-------------------------------------------
     0 | D:1      | Doomgape the Gargoyle Fighter began the quest for the Orb.
     0 | D:1      | Reached XP level 1. HP: 14/14 MP: 1/1
   136 | D:1      | Found a faded altar of an unknown god.
   150 | D:1      | Reached XP level 2. HP: 14/19 MP: 2/2
   912 | D:2      | Reached XP level 3. HP: 24/24 MP: 3/3
  1113 | D:2      | Identified the +1 scale mail of the Solemn Taurataur {Harm
                  | +Blink Int+2}
  1938 | D:3      | Reached XP level 4. HP: 21/29 MP: 4/4
  1997 | D:3      | Found Xaenoduty's Jewellery Emporium.
  2269 | D:3      | Reached XP level 5. HP: 33/33 MP: 5/5
  2309 | D:3      | Noticed an ogre
  2316 | D:3      | Killed an ogre
  2387 | D:3      | Noticed Robin
  2419 | D:3      | Killed Robin
  2421 | D:3      | Reached XP level 6. HP: 32/39 MP: 6/6
  2533 | D:3      | Found a glowing silver altar of Zin.
  2925 | D:4      | Reached skill level 5 in Fighting
  2967 | D:4      | Found a broken altar of Ashenzari.
  3283 | D:4      | Found a radiant altar of Vehumet.
  3529 | D:5      | Entered Level 5 of the Dungeon
  3593 | D:5      | Reached skill level 5 in Armour
  3643 | D:5      | Found a burning altar of Makhleb.
  3786 | D:5      | Found Gaahofra's Fire Supplies.
  3889 | D:5      | Reached XP level 7. HP: 44/44 MP: 7/7
  4318 | D:6      | Noticed Eustachio
  4357 | D:6      | Killed Eustachio
  4358 | D:6      | Reached skill level 5 in Maces & Flails
  4358 | D:6      | Reached XP level 8. HP: 43/52 MP: 8/8
  5116 | D:7      | Found a staircase to the Ecumenical Temple.
  5156 | D:7      | Noticed a yak
  5158 | D:7      | Noticed a yak
  5160 | D:7      | Noticed a yak
  5161 | D:7      | Noticed a yak
  5163 | D:7      | Noticed a yak
  5169 | D:7      | Killed a yak
  5172 | D:7      | Killed a yak
  5179 | D:7      | Killed a yak
  5180 | D:7      | Reached XP level 9. HP: 26/59 MP: 9/9
  5430 | Temple   | Entered the Ecumenical Temple
  5472 | D:7      | Found a hazy altar of Hepliaklqana.
  5480 | D:7      | Became a worshipper of Hepliaklqana the Forgotten
  5506 | D:7      | Identified a scroll of acquirement
  5506 | D:7      | Acquired 772 gold pieces
  7226 | D:8      | Reached * piety under Hepliaklqana
  7227 | D:8      | Noticed a manticore
  7243 | D:8      | Killed a manticore
  7244 | D:8      | Reached XP level 10. HP: 10/59 MP: 10/10
  7577 | D:8      | Noticed a +0 spear
  7577 | D:8      | Noticed a +0 short sword
  7578 | D:8      | Noticed a +0 falchion
  7578 | D:8      | Noticed a +0 dagger
  7578 | D:8      | Noticed a +0 falchion
  7578 | D:8      | Noticed a +0 spear
  7578 | D:8      | Noticed a +0 short sword
  7579 | D:8      | Noticed a +0 dagger
  7580 | D:8      | Found a hide-covered altar of Uskayaw.
  8280 | D:9      | HP: 2/61 [something (2)]
  8283 | D:9      | Killed from afar by an orc wizard

Illustrated notes

Levels and vault maps discovered:
D:1:      lightli_arrival_isolated_outpost, layout_loops_ring,
          nicolae_ecumenical_snake_handling, minmay_tetromino_t4
D:2:      layout_loops_corners
D:3:      layout_basic, zin_scriptorium, serial_shops,
          nicolae_shop_gaudy_bauble, patterned_corridor, uniq_robin
D:4:      layout_loops_ring, mainiacjoe_overflow_tiny_flanked,
          cheibrodos_ashenzari_chains
D:5:      layout_basic, old_standard_altar, nicolae_shop_fire_sale
          [nicolae_sub_dead_trees]
D:6:      layout_basic, minmay_misc_feat_four_crosses, uniq_eustachio
D:7:      layout_basic, nicolae_hepliaklqana_hazy_memory,
          minmay_temple_entry_trees, chequers_big_river,
          kennysheep_pointless_box
D:8:      layout_layer_cave, nicolae_uskayaw_en_pointe, minivault_26
D:9:      minmay_the_grid_triangle_9x9_rhombus_full
          [minmay_the_grid_triangle_9x9_dagger,
          minmay_the_grid_triangle_9x9_warning,
          minmay_the_grid_triangle_9x9_swiss_cheese,
          minmay_the_grid_triangle_9x9_impossible_snake,
          minmay_the_grid_triangle_9x9_empty,
          minmay_the_grid_triangle_9x9_tough_junction,
          minmay_the_grid_triangle_9x9_semitri,
          minmay_the_grid_triangle_9x9_prize_special], layout_irregular_city,
          minitemple
Temple:   hellmonk_temple_flake

Skill      XL: |  1  2  3  4  5  6  7  8  9 |
---------------+----------------------------+-----
Fighting       | 4 5 6 7 9 |  9.8
Shields        | 4 |  4.1
Armour         | 4 5 6 7 9 |  9.7
Maces & Flails | 3 4 5 6 8 |  8.6

Action                     |  1- 3 |  4- 6 |  7- 9 | 10-12 || total
---------------------------+-------+-------+-------+-------++-------
  Melee: Flail             |   175 |   194 |   335 |    35 ||   739
  Evoke: Wand              |       |       |    16 |     1 ||    17
    Use: Scroll            |     1 |       |    15 |       ||    16
         Potion            |       |     1 |     5 |     1 ||     7
 Armour: Scale mail        |    97 |   113 |   101 |       ||   311
         Plate armour      |       |       |   145 |    37 ||   182
  Dodge: Dodged            |   102 |   149 |   197 |    23 ||   471
  Block: Buckler           |    45 |    46 |    70 |    10 ||   171
